 Dungeon Crawl Stone Soup version 0.25-a0-583-g696c2ac64d (webtiles) character file.

Game seed: 800589925158171134, levelgen mode: deterministic

68843 EriolAelfwine the Impaler (level 15, -7/125 HPs)
             Began as a Merfolk Skald on Mar 8, 2020.
             Was a High Priest of Okawaru.
             Killed by the air
             ... invoked by a wind drake
              (17 damage)
             ... on level 4 of the Lair of Beasts.
             The game lasted 02:15:42 (30076 turns).

EriolAelfwine the Impaler (Merfolk Skald)          Turns: 30076, Time: 02:15:42

Health: -7/125     AC: 15    Str: 13    XL:     15   Next: 27%
Magic:  30/30      EV: 17    Int: 23    God:    Okawaru [*****.]
Gold:   812        SH:  0    Dex: 16    Spells: 10/22 levels left

rFire    . . .     SeeInvis .   A - +9 glaive of Zesintot {drain, MR+ Dex+2}
rCold    + . .     Gourm    .   (shield currently unavailable)
rNeg     . . .     Faith    .   w - +2 scale mail {rC+}
rPois    +         Spirit   .   N - +1 hat {MR+}
rElec    +         Reflect  .   C - +1 cloak {MR+}
rCorr    .         Harm     .   K - +2 pair of gloves
MR       +++++                  k - +0 pair of boots
Stlth    ..........             W - amulet of Vohohih {*Corrode rElec Regen+ Int+6}
HPRegen  0.70/turn              Y - ring of Lucidity {+Blink rElec MP+9}
MPRegen  0.22/turn              V - ring "Disoas" {+Fly rPois MR+ Int+2 Stlth-}

@: no status effects
A: change form in water, swift swim, stealthy swim, clumsy 1
a: Heroism, Finesse, Renounce Religion, Evoke Blink, Evoke Flight


You were on level 4 of the Lair of Beasts.
You worshipped Okawaru.
Okawaru was extremely pleased with you.
You were hungry.

You visited 5 branches of the dungeon, and saw 21 of its levels.

You collected 2459 gold pieces.
You spent 1647 gold pieces at shops.

Inventory:

Hand Weapons
 r - a +2 trident of flaming
 v - the cursed +3 scimitar of Vasicza {vamp, +Fly rElec rPois Stlth+, unknown}
   (You found it on level 10 of the Dungeon)

   It inflicts no extra harm, but heals its wielder when it wounds a living foe.
   It insulates you from electricity.
   It protects you from poison.
   It lets you fly.
   It makes you more stealthy.
   It has a curse placed upon it.
 A - the +9 glaive of Zesintot (weapon) {drain, MR+ Dex+2}
   (You bought it in a shop on level 7 of the Dungeon)

   A truly terrible weapon, it drains the life of those it strikes.
   It affects your dexterity (+2).
   It affects your resistance to hostile enchantments.
Missiles
 D - 6 curare-tipped darts (quivered)
Armour
 k - a +0 pair of boots (worn)
 w - a +2 scale mail of cold resistance (worn)
 y - the +0 ring mail of Luquente {rElec rF+ MR++ Dex-3}
   (You bought it in a shop on level 2 of the Orcish Mines)

   It affects your dexterity (-3).
   It protects you from fire.
   It insulates you from electricity.
   It affects your resistance to hostile enchantments.
 B - a +2 kite shield of cold resistance
 C - a +1 cloak of magic resistance (worn)
 K - a +2 pair of gloves (worn)
 N - a +1 hat of magic resistance (worn)
Jewellery
 m - a +5 ring of protection
 p - an uncursed ring of protection from fire
 E - an uncursed ring of resist corrosion
 V - the ring "Disoas" (right hand) {+Fly rPois MR+ Int+2 Stlth-}
   (You bought it in a shop on level 2 of the Orcish Mines)

   [ring of attention]

   It affects your intelligence (+2).
   It protects you from poison.
   It affects your resistance to hostile enchantments.
   It lets you fly.
   It makes you less stealthy.
 W - the amulet of Vohohih (around neck) {*Corrode rElec Regen+ Int+6}
   (You found it on level 5 of the Lair of Beasts)

   [amulet of regeneration]

   It affects your intelligence (+6).
   It insulates you from electricity.
   It increases your rate of regeneration.
   It may corrode you when you take damage.
 Y - the ring of Lucidity (left hand) {+Blink rElec MP+9}
   (You bought it in a shop on level 2 of the Orcish Mines)

   [ring of magical power]

   It insulates you from electricity.
   It affects your magic capacity (+9).
   It lets you blink.
Wands
 b - a wand of paralysis (10)
 t - a wand of disintegration (4)
 L - a wand of iceblast (27)
 P - a wand of acid (16)
Scrolls
 a - 9 scrolls of remove curse
 j - a scroll of blinking
 u - 4 scrolls of enchant armour
 x - 3 scrolls of amnesia
 F - 3 scrolls of magic mapping
 H - a scroll of teleportation
 M - 2 scrolls of enchant weapon
 O - 2 scrolls of fear
 X - a scroll of fog
Potions
 c - 8 potions of curing
 e - 2 potions of degeneration {unknown}
 f - 3 potions of might
 g - 2 potions of haste
 h - 6 potions of flight
 i - 9 potions of lignification
 l - 2 potions of invisibility
 n - 3 potions of stabbing
 o - 2 potions of magic
 q - 2 potions of brilliance
 s - 5 potions of berserk rage
 G - a potion of ambrosia
 J - a potion of cancellation
 Q - a potion of heal wounds
 R - a potion of mutation
 S - a potion of resistance {unknown}
Comestibles
 d - 36 rations
 z - 5 chunks of flesh


   Skills:
 + Level 13.8 Fighting
 - Level 20.0 Polearms
 - Level 0.6 Armour
 + Level 14.8 Dodging
 - Level 4.0 Spellcasting
 - Level 7.0 Hexes
 - Level 9.0 Charms
 - Level 2.0 Translocations
 - Level 8.0 Invocations
 + Level 2.3 Evocations


You had 10 spell levels left.
You knew the following spells:

 Your Spells              Type           Power        Failure   Level  Hunger
a - Confusing Touch       Hex            #####...     9%          3    ##.....
b - Shroud of Golubria    Chrm/Tloc      ####..       8%          2    #......
c - Spectral Weapon       Hex/Chrm       #####...     5%          3    ##.....
d - Cause Fear            Hex            #####.....   28%         4    ####...

Your spell library contained the following spells:

 Spells                   Type           Power        Failure   Level  Hunger
 Infusion                 Chrm           ####         1%          1    None
 Song of Slaying          Chrm           #####...     1%          2    #......
 Corona                   Hex            #####..      2%          1    None
 Slow                     Hex            #####...     4%          2    #......
 Tukima's Dance           Hex            #####...     9%          3    ##.....
 Ensorcelled Hibernation  Hex/Ice        ###...       19%         2    #......
 Ozocubu's Armour         Chrm/Ice       ####....     24%         3    ##.....
 Portal Projectile        Hex/Tloc       ####..       24%         3    ##.....
 Dazzling Flash           Conj/Hex       ###...       34%         3    ##.....
 Inner Flame              Hex/Fire       ###.....     34%         3    ##.....
 Freeze                   Ice            #...         45%         1    None
 Leda's Liquefaction      Hex/Erth       ###.......   75%         4    ####...
 Frozen Ramparts          Ice            #.....       83%         3    ##.....
 Hailstorm                Conj/Ice       #.......     99%         4    ####...
 Summon Ice Beast         Ice/Summ       #.......     99%         4    ####...


Dungeon Overview and Level Annotations

Branches:
Dungeon (11/15)            Temple (1/1) D:6            Lair (6/6) D:10
 Shoals (1/4) Lair:4        Snake (0/4) Lair:2        Slime (0/5) Lair:5
    Orc (2/2) D:9             Elf (0/3) Orc:2

Altars:
Ashenzari
Cheibriados
Dithmenos
Elyvilon
Fedhas
Gozag
Hepliaklqana
Kikubaaqudgha
Makhleb
Nemelex Xobeh
Okawaru
Qazlal
Ru
Sif Muna
Trog
Uskayaw
Vehumet
Wu Jian
Xom
Yredelemnul
Zin
The Shining One
Beogh
Jiyva

Shops:
D:7 (   D:8 =   D:11 *   Orc:2 =[*=[

Annotations:
D:11 3 runed translucent doors, Labimieg's ghost, novice DDFi
Lair:5 exclusion: 4 oklob plants


Innate Abilities, Weirdness & Mutations

You revert to your normal form in water.
You are very nimble and swift while swimming.
You are very stealthy in the water. (Stealth+)
You are clumsy. (Dex -2)


Message History

You climb upwards.
Welcome back to the Lair of Beasts!
Your summoned ally is left behind.
Your spectral weapon fades away.
There is a staircase to the Shoals here.
You blink.
You feel slightly more hungry. The wind drake flaps its wings at you.
The air twists around and strikes you!!
* * * LOW HITPOINT WARNING * * *
Your corrosive artefact corrodes you!
The faun unwields a +0 quarterstaff.
The faun wields a +0 hunting sling.
The faun shoots a stone.
The stone misses you.
You see here a stone.
Your magical contamination has completely faded away.
The wind drake flaps its wings at you. The air twists around and strikes you!
* * * LOW HITPOINT WARNING * * *
You are no longer corroded.
The wind drake flaps its wings at you. The air twists around and strikes you!
You die...

######.....P#
#...###...##...# #
##......## #...#
#...P#P..## #
#P......####..##
##...#P...# #
##....##.##...# #........##
##...#####...# ##...#P..#
#...## ##..# #...###..#
##....# #..# #...##...##
#P...## ##..# #....#....#
##....####..@# #P..#....##
#.).###.##..# ##..###...#
#.....#.##..# ##..###..## #
#...........####........# #
#...........k##.#..##...###
#
#..............#..........#
#
#........................##
#.......................##
#.......................#


You could see a wind drake.

Vanquished Creatures
  The ghost of Scuka the Earth Mage, a journeyman GrEE of Sif Muna (Orc:1)
  The ghost of Kaifit the Severer, a journeyman MiBe of Trog (D:9)
  A catoblepas (Lair:6)
  6 hydras
  18 two-headed ogres
  4 ogre magi (Orc:2)
  A deep troll shaman (Lair:6)
  2 death knights (D:11)
  10 death yaks
  The ghost of Flugslaktarn the Cleaver, a novice DDFi of Makhleb (D:7)
  Nergalle (D:10)
  A skeletal warrior (D:11)
  An unseen horror (D:11)
  2 phantasmal warriors (D:11)
  An orc knight (Orc:2)
  2 ugly things
  A cyclops (Orc:1)
  5 black mambas
  7 elephants
  Maurice (D:10)
  2 gargoyles
  5 spiny frogs
  7 komodo dragons
  A torpor snail (Lair:2)
  A rime drake (Lair:5)
  A freezing wraith (D:11)
  2 trolls
  2 polar bears
  3 hornets (D:8)
  7 blink frogs
  Prince Ribbit (D:6)
  A meliai zombie (D:11)
  5 hippogriffs
  2 dream sheep (Lair:2)
  3 wraiths (D:11)
  40 yaks
  Grum (Lair:1)
  3 neqoxecs (Orc:1)
  3 basilisks
  2 nagas (Lair:2)
  A warg (Orc:2)
  Edmund (D:4)
  3 swamp worms (D:11)
  6 porcupines
  19 orc warriors
  5 water moccasins
  4 sky beasts
  5 ice beasts
  3 black bears
  31 ogres
  A necrophage (D:7)
  3 phantoms
  13 centaurs
  An eye of draining (D:8)
  18 wolves
  10 crocodiles
  2 big kobolds
  7 bullfrogs
  2 wyvern skeletons (D:11)
  4 scorpions
  12 killer bees
  7 wights (D:11)
  An electric eel (D:11)
  A centaur zombie (D:5)
  4 crimson imps
  A howler monkey (D:5)
  4 quasits (Orc:1)
  12 hounds
  3 jellies
  A bullfrog skeleton (D:6)
  A centaur skeleton (D:5)
  16 orc priests
  Crazy Yiuf (D:5)
  Jessica (D:2)
  5 iguanas
  Ijyb (D:5)
  6 worker ants
  9 orc wizards
  A hound zombie (D:11)
  A hound skeleton (D:9)
  A worker ant zombie (D:7)
  7 gnolls
  11 adders
  A shadow imp (D:7)
  2 white imps (D:11)
  2 ufetubi (D:11)
  An ooze (D:7)
  An adder zombie (D:6)
  3 adder skeletons
  5 worms
  2 dart slugs
  4 leopard geckos
  74 orcs
  8 bats
  6 giant cockroaches
  2 gnoll zombies (D:6)
  8 goblins
  7 hobgoblins
  3 jackals (D:1)
  5 quokkas
  3 frilled lizards
  10 kobolds
  A leopard gecko skeleton (D:4)
  A leopard gecko zombie (D:6)
  A quokka skeleton (D:7)
  3 rats (D:3)
  2 fungi
  A plant (Lair:6)
561 creatures vanquished.

Vanquished Creatures (others)
  A killer bee (D:10)
  9 fungi
  13 plants
  19 spectral weapons
42 creatures vanquished.

Grand Total: 603 creatures vanquished

Notes
Turn   | Place    | Note
-------+----------+-------------------------------------------
     0 | D:1      | EriolAelfwine the Merfolk Skald began the quest for the
                  | Orb.
     0 | D:1      | Reached XP level 1. HP: 16/16 MP: 3/3
   485 | D:1      | You fall into a shaft and drop 1 floor!
   485 | D:2      | Found a snail-covered altar of Cheibriados.
   498 | D:2      | Reached XP level 2. HP: 21/23 MP: 1/5
   503 | D:2      | Learned a level 2 spell: Shroud of Golubria
  1569 | D:1      | Reached XP level 3. HP: 28/28 MP: 4/6
  1590 | D:1      | Learned a level 3 spell: Spectral Weapon
  1835 | D:2      | Noticed Jessica
  1876 | D:2      | Killed Jessica
  1876 | D:2      | Reached XP level 4. HP: 31/34 MP: 4/7
  2936 | D:3      | Found a radiant altar of Vehumet.
  3232 | D:3      | Reached skill level 4 in Polearms
  3633 | D:3      | Reached skill level 1 in Hexes
  3658 | D:3      | Reached XP level 5. HP: 39/40 MP: 1/8
  3769 | D:3      | Found a blossoming altar of Fedhas.
  4459 | D:4      | Found an ornate altar of the Wu Jian Council.
  4485 | D:4      | Noticed a phantom
  4715 | D:4      | Reached skill level 1 in Translocations
  5148 | D:4      | Reached XP level 6. HP: 47/47 MP: 7/10
  5415 | D:4      | Killed a phantom
  5737 | D:4      | Noticed Edmund
  5751 | D:4      | Killed Edmund
  5751 | D:4      | Reached skill level 5 in Polearms
  5751 | D:4      | Reached XP level 7. HP: 53/53 MP: 6/11
  5938 | D:4      | Found a hide-covered altar of Uskayaw.
  6048 | D:5      | Entered Level 5 of the Dungeon
  6393 | D:5      | Reached skill level 5 in Dodging
  6396 | D:5      | Reached skill level 6 in Polearms
  6396 | D:5      | Noticed Ijyb
  6457 | D:5      | Killed Ijyb
  6722 | D:5      | Reached XP level 8. HP: 60/60 MP: 7/13
  6731 | D:5      | Reached skill level 5 in Charms
  6900 | D:5      | Found a stormy altar of Qazlal.
  6904 | D:5      | Noticed an air elemental
  6905 | D:5      | Noticed a water elemental
  6981 | D:5      | Found a shimmering altar of Xom.
  6982 | D:5      | Found a burning altar of Makhleb.
  7043 | D:5      | Found a runed translucent door.
  7044 | D:5      | Noticed Crazy Yiuf
  7067 | D:5      | Killed Crazy Yiuf
  7222 | D:5      | Reached skill level 7 in Polearms
  7413 | D:5      | Found a bloodstained altar of Trog.
  7653 | D:6      | Got a polished flail
  7739 | D:6      | Found a staircase to the Ecumenical Temple.
  7781 | Temple   | Entered the Ecumenical Temple
  7872 | Temple   | Became a worshipper of Warmaster Okawaru
  8346 | D:6      | Reached skill level 5 in Fighting
  8346 | D:6      | Reached skill level 8 in Polearms
  8416 | D:6      | Found a basalt altar of Yredelemnul.
  8593 | D:6      | Reached XP level 9. HP: 68/68 MP: 12/15
  8626 | D:6      | Reached * piety under Okawaru
  8851 | D:6      | Reached skill level 9 in Polearms
  8891 | D:6      | Noticed Prince Ribbit
  8903 | D:6      | Killed Prince Ribbit
  9160 | D:7      | Found a runed translucent door.
  9161 | D:7      | Noticed Flugslaktarn's ghost (novice DDFi)
  9317 | D:7      | Found Bycsog's Antique Weapon Shoppe.
  9325 | D:7      | Bought a slimy glaive for 299 gold pieces
  9325 | D:7      | Identified the +9 glaive of Zesintot {drain, MR+ Dex+2}
                  | (You bought it in a shop on level 7 of the Dungeon)
  9327 | D:7      | Identified the +3 flail "Kiton" {freeze, +Rage rF- Dex+2
                  | Stlth+} (You found it on level 6 of the Dungeon)
  9456 | D:7      | Reached ** piety under Okawaru
  9822 | D:7      | Reached skill level 10 in Polearms
 10020 | D:8      | Got a slimy dagger
 10075 | D:8      | Found Saajac's Jewellery Shop.
 10394 | D:8      | Reached XP level 10. HP: 70/77 MP: 16/16
 10418 | D:8      | Noticed a two-headed ogre
 10729 | D:8      | Reached *** piety under Okawaru
 10792 | D:8      | Identified the +10 dagger of Guile {antimagic, rF- MR+
                  | Int+3} (You found it on level 8 of the Dungeon)
 11153 | D:8      | Reached skill level 11 in Polearms
 11291 | D:8      | Killed a two-headed ogre
 11689 | D:9      | Found a roughly hewn altar of Beogh.
 11689 | D:9      | Found a staircase to the Orcish Mines.
 11837 | D:9      | Reached **** piety under Okawaru
 11877 | D:9      | Received a gift from Okawaru
 12039 | D:9      | Noticed a two-headed ogre
 12062 | D:9      | Killed a two-headed ogre
 12062 | D:9      | Reached skill level 5 in Hexes
 12062 | D:9      | Reached XP level 11. HP: 86/86 MP: 11/17
 12229 | D:9      | Noticed a two-headed ogre
 12233 | D:9      | Killed a two-headed ogre
 12233 | D:9      | Reached skill level 12 in Polearms
 12712 | D:10     | Entered Level 10 of the Dungeon
 12742 | D:10     | Noticed Maurice
 13000 | D:10     | Killed Maurice
 13000 | D:10     | Reached ***** piety under Okawaru
 13000 | D:10     | Reached skill level 10 in Dodging
 13059 | D:10     | Found a runed translucent gate.
 13059 | D:10     | Found a runed translucent gate.
 13060 | D:10     | Found a runed translucent gate.
 13060 | D:10     | Noticed a ten-headed hydra
 13612 | D:10     | Found a staircase to the Lair.
 13645 | D:10     | Noticed Nergalle
 13653 | D:10     | Killed Nergalle
 13653 | D:10     | Reached skill level 1 in Invocations
 13861 | D:10     | Noticed a ten-headed hydra
 13861 | D:10     | Noticed Kaifit's ghost (journeyman MiBe)
 14013 | D:7      | Killed Flugslaktarn's ghost
 14013 | D:7      | Reached skill level 13 in Polearms
 14188 | D:11     | Noticed a purple ugly thing
 14190 | D:11     | Noticed a purple ugly thing
 14218 | D:10     | Killed a purple ugly thing
 14233 | D:11     | Killed a purple ugly thing
 14466 | D:11     | Noticed a death knight
 14475 | D:11     | Killed a death knight
 14539 | D:11     | Noticed a skeletal warrior
 15025 | D:11     | Reached skill level 14 in Polearms
 15028 | D:11     | Reached XP level 12. HP: 81/95 MP: 12/18
 15533 | D:11     | Received a gift from Okawaru
 15869 | D:11     | Found a runed translucent gate.
 15870 | D:11     | Found a runed translucent gate.
 15871 | D:11     | Found an opulent altar of Gozag.
 15871 | D:11     | Found a runed translucent gate.
 15872 | D:11     | Noticed a centaur warrior
 15873 | D:11     | Found Viadiof's Assorted Antiques.
 15873 | D:11     | Noticed Labimieg's ghost (novice DDFi)
 15873 | D:11     | Noticed a tengu warrior
 16562 | D:11     | Reached skill level 15 in Polearms
 16571 | D:11     | Reached skill level 5 in Invocations
 16840 | D:11     | Noticed a death knight
 16855 | D:11     | Killed a death knight
 16855 | D:11     | Reached skill level 10 in Fighting
 16883 | D:11     | Learned a level 3 spell: Confusing Touch
 16966 | D:11     | Got a blackened spear
 16967 | D:11     | Identified the +6 spear "Hasos" {vorpal, Str+3} (You found
                  | it on level 11 of the Dungeon)
 17036 | Lair:1   | Entered Level 1 of the Lair of Beasts
 17056 | Lair:1   | Noticed a four-headed hydra
 17080 | Lair:1   | Killed a four-headed hydra
 17669 | Lair:1   | Noticed an eight-headed hydra
 17687 | Lair:1   | Killed an eight-headed hydra
 17773 | Lair:1   | Noticed Grum
 17781 | Lair:1   | Killed Grum
 18681 | Lair:2   | Reached skill level 16 in Polearms
 18723 | Lair:2   | Found a staircase to the Snake Pit.
 18738 | Lair:2   | Reached XP level 13. HP: 104/104 MP: 17/19
 18950 | Lair:2   | Received a gift from Okawaru
 19475 | Lair:2   | HP: 4/105 [death yak (18)]
 20117 | Lair:2   | Received a gift from Okawaru
 21037 | Lair:3   | Reached skill level 17 in Polearms
 21071 | Lair:3   | Reached ****** piety under Okawaru
 21440 | Lair:4   | Received a gift from Okawaru
 22129 | Lair:4   | Found a staircase to the Shoals.
 22751 | Lair:5   | Learned a level 4 spell: Cause Fear
 22834 | Lair:5   | Found a viscous altar of Jiyva.
 22834 | Lair:5   | Found a staircase to the Slime Pits.
 23202 | Lair:5   | Got a flickering brass amulet
 23212 | Lair:5   | Identified the amulet of Vohohih {*Corrode rElec Regen+
                  | Int+6} (You found it on level 5 of the Lair of Beasts)
 23986 | Lair:6   | Entered Level 6 of the Lair of Beasts
 24008 | Lair:6   | Reached XP level 14. HP: 77/115 MP: 17/20
 24671 | Lair:5   | Received a gift from Okawaru
 24696 | Lair:5   | Reached skill level 18 in Polearms
 26001 | Orc:1    | Entered Level 1 of the Orcish Mines
 26358 | Orc:1    | Found a transporter.
 26367 | Orc:1    | Noticed Scuka's ghost (journeyman GrEE)
 26471 | Orc:1    | Found a transporter.
 26720 | Orc:1    | Found a roughly hewn altar of Beogh.
 26836 | Orc:2    | Entered Level 2 of the Orcish Mines
 26836 | Orc:2    | Found a staircase to the Elven Halls.
 27097 | Orc:2    | Found a roughly hewn altar of Beogh.
 27135 | Orc:2    | Reached skill level 19 in Polearms
 27213 | Orc:2    | Found Polluid's Jewellery Emporium.
 27241 | Orc:2    | Bought the ring "Disoas" {+Fly rPois MR+ Int+2 Stlth-} for
                  | 336 gold pieces
 27370 | Orc:2    | Received a gift from Okawaru
 27509 | Orc:2    | Reached XP level 15. HP: 93/124 MP: 21/21
 27605 | Orc:2    | Found Gihued's Armour Shop.
 27605 | Orc:2    | Found Oneshalu's Jewellery Emporium.
 27606 | Orc:2    | Found Cuvuop's General Store.
 27606 | Orc:2    | Found Hirruw's Antique Armour Boutique.
 27634 | Orc:2    | Bought a +0 pair of boots for 67 gold pieces
 27643 | Orc:2    | Bought a jasper-encrusted ring mail for 207 gold pieces
 27653 | Orc:2    | Identified the cursed +0 ring mail of Luquente {rElec rF+
                  | MR++ Dex-3} (You bought it in a shop on level 2 of the
                  | Orcish Mines)
 27673 | Orc:2    | Bought the ring of Lucidity {+Blink rElec MP+9} for 738
                  | gold pieces
 28062 | Orc:1    | Gained mutation: You are clumsy. (Dex -2) [a neqoxec]
 28086 | Orc:1    | Killed Scuka's ghost
 28086 | Orc:1    | Reached skill level 20 in Polearms
 28086 | Orc:1    | Reached skill level 1 in Evocations
 28370 | D:10     | HP: 3/125 [ten-headed hydra (10)]
 28749 | D:9      | Killed Kaifit's ghost
 29419 | D:10     | Got a brightly glowing scimitar
 30039 | Shoals:1 | Entered Level 1 of the Shoals
 30071 | Lair:4   | HP: 6/125 [wind drake/the air (14)]
 30076 | Lair:4   | Killed from afar by a wind drake

Levels and vault maps discovered:
D:1:      mushboom_english_gardens, layout_basic
D:2:      layout_rooms, cheibriados_altar_1, serial_glass, glass_columns_a,
          glass_columns_a, uniq_jessica
D:3:      layout_loops_corners, fedhas_altar_2, lemuel_crystal_altar
D:4:      layout_layer_cave, overflow_temple_1_default, kennysheep_mini_moat,
          first_ration, uniq_edmund
D:5:      layout_basic, grunt_temple_overflow_champion_of_chaos,
          nicolae_qazlal_style_of_elements, lightli_temple_of_fire, uniq_ijyb,
          uniq_crazy_yiuf_cottage
D:6:      minmay_razor_zed, layout_loops_ring, lemuel_zombie_altar_yredelemnul,
          minmay_temple_entry_mist, uniq_prince_ribbit1
D:7:      layout_basic, serial_shops, nicolae_shop_stone,
          hellmonk_ghost_happy_afterlife
D:8:      layout_basic, serial_shops, shop, hangedman_pestilent_swarm
D:9:      layout_roguey, david_orc_5
D:10:     nicolae_whirlpool, layout_loops_ring, lair_entry_dummy,
          gammafunk_ghost_hydra_chop, uniq_maurice, uniq_nergalle
D:11:     layout_basic, ebering_ghost_gozag, serial_ice, serial_ice_e,
          serial_ice_i, serial_ice_o, serial_ice_b, gauntlet_entry_generic,
          worms_lemuel
Temple:   minmay_temple_forest_path
Lair:1:   layout_regular_city, grunt_megastairs_4, infiniplex_staircase_pool,
          serial_bayou_shore_b, uniq_grum
Lair:2:   layout_layer_cave, guppyfry_snake_entry_island
Lair:3:   layout_loops_ring
Lair:4:   layout_long_grid, minmay_shoals_entry_centaurs, serial_bayou_shore_b
Lair:5:   layout_cave_pods, dpeg_slime_entry_enclosed_altar,
          minmay_lair_oklob_chamber, lemuel_fruit_fields
Lair:6:   grunt_lair_end_beastmaster, layout_small_grid, grunt_megastairs_3
Shoals:1: layout_shoals, serial_shops, shop, nicolae_shop_stone,
          nicolae_shop_behind_doors, shop, nicolae_shop_trees,
          nicolae_shoals_aquamancer_cove
Orc:1:    layout_caves, gammafunk_ghost_stat_death, mines1_david
Orc:2:    st_orc_ogre_mass, layout_diamond_mine, serial_shops,
          nicolae_shop_statue_plus, mines1_david

Skill      XL: |  1  2  3  4  5  6  7  8  9 10 11 12 13 14 15 |
---------------+----------------------------------------------+-----
Dodging        | 3 4 5 6 7 9 10 12 13 14 | 14.8
Polearms       | 4 5 6 8 10 11 14 16 17 19 20 | 20.0
Hexes          | 1 2 3 4 5 6 7 |  7.0
Fighting       | 3 4 5 6 8 9 10 12 13 | 13.8
Translocations | 1 2 |  2.0
Charms         | 4 5 7 9 |  9.0
Spellcasting   | 3 4 |  4.0
Invocations    | 3 6 7 8 |  8.0
Evocations     | 2 |  2.3
Armour         | |  0.6

Action                   |  1- 3 |  4- 6 |  7- 9 | 10-12 | 13-15 || total
-------------------------+-------+-------+-------+-------+-------++-------
Melee: Spear             |   168 |    61 |       |       |       ||   229
       Trident           |       |   123 |   229 |    13 |    29 ||   394
       Tailslap          |       |       |     2 |       |     2 ||     4
       Glaive            |       |       |    57 |   377 |   603 ||  1037
Throw: Dart              |       |       |       |    15 |    12 ||    27
 Cast: Infusion          |     2 |       |       |       |       ||     2
       Shroud of Golubri |    11 |    20 |    37 |    37 |     1 ||   106
       Spectral Weapon   |       |     2 |    22 |    46 |    45 ||   115
       Confusing Touch   |       |       |       |       |     2 ||     2
Invok: Heroism           |       |       |     1 |     9 |    13 ||    23
       Finesse           |       |       |       |     1 |     5 ||     6
 Abil: Evoke Blink       |       |       |       |       |     1 ||     1
Evoke: Wand              |       |       |       |     1 |       ||     1
  Use: Scroll            |       |     9 |     6 |     7 |     8 ||    30
       Potion            |       |       |       |     2 |     1 ||     3
 Stab: Sleeping          |       |     3 |     3 |       |       ||     6
       Distracted        |       |       |     2 |     1 |     4 ||     7
  Eat: Chunk             |     4 |    14 |    17 |    25 |    26 ||    86
       Ration            |       |       |     1 |     2 |     4 ||     7
Armor: Leather armour    |    61 |    33 |    39 |       |       ||   133
       Skin              |       |     5 |       |       |     2 ||     7
       Ring mail         |       |       |    54 |   124 |    80 ||   258
       Scale mail        |       |       |       |       |    69 ||    69
Dodge: Dodged            |   122 |    94 |   151 |   345 |   423 ||  1135

Table legend:
 A = Non-vault XP
 B = Vault XP
 C = Vault XP percentage of total XP
 D = Non-vault monster count
 E = Vault monster count
 F = Vault count percentage of total count
                 A         B        C        D         E       F
            +---------+---------+-------+---------+---------+-------
      Total |   53616 |   44732 |  45.5 |     412 |     146 |  26.2
            +---------+---------+-------+---------+---------+-------
        D:1 |      28 |       0 |   0.0 |      14 |       0 |   0.0
        D:2 |      47 |      37 |  44.0 |      18 |       1 |   5.3
        D:3 |      91 |       0 |   0.0 |      22 |       0 |   0.0
        D:4 |     387 |     158 |  29.0 |      15 |       1 |   6.2
        D:5 |     703 |     124 |  15.0 |      23 |       3 |  11.5
        D:6 |    1066 |     399 |  27.2 |      22 |       8 |  26.7
        D:7 |    1175 |     802 |  40.6 |      28 |       1 |   3.4
        D:8 |    2366 |    1854 |  43.9 |      21 |       5 |  19.2
        D:9 |    3298 |    1877 |  36.3 |      25 |      24 |  49.0
       D:10 |    1294 |    2594 |  66.7 |      10 |       6 |  37.5
       D:11 |    9421 |    1566 |  14.3 |      51 |      12 |  19.0
     Lair:1 |    4891 |    1604 |  24.7 |      17 |       6 |  26.1
     Lair:2 |    6111 |     332 |   5.2 |      12 |       2 |  14.3
     Lair:3 |    7609 |       0 |   0.0 |      34 |       0 |   0.0
     Lair:4 |    3472 |     556 |  13.8 |      14 |       5 |  26.3
     Lair:5 |    4197 |    2781 |  39.9 |      15 |       4 |  21.1
     Lair:6 |    3341 |    7238 |  68.4 |      14 |      17 |  54.8
      Orc:1 |    1917 |    2533 |  56.9 |      29 |       8 |  21.6
      Orc:2 |    2202 |   20277 |  90.2 |      28 |      43 |  60.6
            +---------+---------+-------+---------+---------+-------
